 Dungeon Crawl Stone Soup version 0.31-a0-744-gbc345e7fcb (webtiles) character file.

Game seed: 15231280584037207138

2776 Dirtsage the Cleaver (level 9, -7/94 HPs)
             Began as a Demonspawn Berserker on Sept 14, 2023.
             Was an Elder of Trog.
             Mangled by Erica
             ... wielding a +4 scimitar of flaming
              (14 damage)
             ... on level 8 of the Dungeon.
             The game lasted 00:12:52 (7082 turns).

Dirtsage the Cleaver (Demonspawn Berserker)         Turns: 7082, Time: 00:12:52

Health: -7/94      AC: 10    Str: 21    XL:     9   Next: 42%
Magic:  9/9        EV:  8    Int: 10    God:    Trog [****..]
Gold:   238        SH:  4    Dex: 12    Spells: 8/8 levels left

rFire   . . .        w - +5 battleaxe
rCold   . . .        (shield currently unavailable)
rNeg    . . .        u - +0 chain mail
rPois   .            (helmet restricted)
rElec   .            e - scarf {repulsion}
rCorr   .            o - +0 pair of gloves
SInv    .            i - +0 pair of boots
Will    +....        b - amulet of regeneration Stlth
                     d - ring of willpower
HPRegen 1.15/turn    (no ring)
MPRegen 0.11/turn

%: repel missiles
@: berserking, lethally poisoned (-7 -> -8), very quick
A: claws 1, foul stench 1, condensation shield, beak, MP-powered wands
a: Renounce Religion, Berserk, Trog's Hand, Brothers in Arms


You were on level 8 of the Dungeon.
You worshipped Trog.
Trog was greatly pleased with you.
You visited 2 branches of the dungeon, and saw 9 of its levels.

You collected 388 gold pieces.
You spent 150 gold pieces at shops.

Inventory:

Hand Weapons
 a - a +0 hand axe
 n - a +2 flail of pain
 v - a +4 flail of freezing
 w - a +5 battleaxe (weapon)
Armour
 e - a scarf of repulsion (worn)
 i - a +0 pair of boots (worn)
 k - a +2 robe of fire resistance
 o - a +0 pair of gloves (worn)
 r - a +1 helmet of intelligence
 u - a +0 chain mail (worn)
Jewellery
 b - an amulet of regeneration (around neck)
 d - a ring of willpower (left hand)
 y - a ring of ice
 z - a +6 ring of dexterity
Wands
 f - a wand of paralysis (10)
 s - a wand of roots (17)
Scrolls
 c - a scroll of noise {unknown}
 g - 3 scrolls of fear
 h - a scroll of vulnerability
 j - 3 scrolls of poison
 p - 2 scrolls of immolation
 t - a scroll of enchant weapon
Potions
 l - 2 potions of heal wounds
 m - 2 potions of lignification
 q - 3 potions of curing
 x - a potion of brilliance


   Skills:
 - Level 3.0 Fighting
 + Level 12.2 Axes
 - Level 1.7 Armour
 - Level 1.7 Dodging


You had 8 spell levels left.
You didn't know any spells.
Your spell library contained the following spells:

 Spells                   Type           Power      Damage    Failure   Level
 Blink                    Tloc           0%         N/A       99%         2
 Lesser Beckoning         Tloc           0%         N/A       99%         2
 Frozen Ramparts          Ice            0%         1d1       100%        3
 Gell's Gravitas          Tloc           0%         N/A       100%        3
 Ignite Poison            Fire/Tmut/Pois 0%         N/A       100%        3
 Teleport Other           Tloc           0%         N/A       100%        3
 Manifold Assault         Tloc           0%         N/A       100%        4
 Petrify                  Tmut/Erth      0%         N/A       100%        4
 Sticky Flame             Conj/Fire      0%         2d3       100%        4
 Metabolic Englaciation   Hex/Ice        0%         N/A       100%        5
 Ignition                 Fire           0%         3d3       100%        8


Dungeon Overview and Level Annotations

Branches:
Dungeon (8/15)             Temple (1/1) D:5
   Lair: D:8-11

Altars:
Ashenzari
Cheibriados
Dithmenos
Gozag
Hepliaklqana
Kikubaaqudgha
Makhleb
Nemelex Xobeh
Okawaru
Qazlal
Ru
Sif Muna
Trog
Uskayaw
Vehumet
Wu Jian

Shops:
D:1 [

Annotations:
D:6 Arti axe enlightement
D:8 Erica


Innate Abilities, Weirdness & Mutations

You have sharp fingernails.
You may rarely emit foul miasma when damaged in melee.
A meltable shield of frost defends you. (SH +4)
You have a beak for a mouth.
You expend magic power (3 MP) to strengthen your wands.


Message History

You recover from your berserk rage.
Items here: )) [ †.
You now have 219 gold pieces (gained 13).
Things that are here:
a +0 club; a gnoll corpse
y - a ring of ice
z - a +6 ring of dexterity You now have 238 gold pieces (gained 19).
Erica the Fiery-Tempered comes into view.
She is wielding a +4 scimitar of flaming and carrying a wand of roots.
Erica shouts!
Erica points at you and mumbles some strange words.
You block the lance of force.
Okay, then.
Erica zaps a wand.
The roots erupt in riotous growth!
The grasping roots grab you! The grasping roots constrict you!
You take 10 damage, and have 53/63 hp.
The roots grasp on you weakens, but your attempt to escape fails.
Erica gestures at you while chanting. The bolt of poison hits you!!
You are poisoned.
The grasping roots constrict you!
You take 34 damage, and have 19/63 hp.
MASSIVE DAMAGE!!
The roots grasp on you weakens, but your attempt to escape fails.
You feel very sick. The grasping roots constrict you!
* * * LOW HITPOINT WARNING * * *
The grasping roots release their grip on you.
You take 14 damage, and have 5/63 hp.
MASSIVE DAMAGE!!
A red film seems to cover your vision as you go berserk!
You feel yourself moving faster!
You feel mighty!
You feel sick. Erica gestures at you while chanting.
You resist with almost no effort.
You now have 7/94 hp.
You slice Erica!!
Erica is heavily wounded.
You feel sick.
Erica hits you with a +4 scimitar of flaming!
You die...
Erica begins laughing uncontrollably.

##..........< ..
#............ ..##
##............ ....#
#............. .....#
##.............
#....####..............
#.....##.......###....
...#..........####
#.... ......@@.....##
##... ............##
.... ................
..... .................
......
.......!..........
..................
..................
..................


You could see Erica.

Vanquished Creatures
  A steam dragon (D:7)
  Edmund (D:4)
  An acid dragon (D:7)
  A sky beast (D:7)
  An ice beast (D:6)
  A black bear (D:5)
  2 ogres (D:5)
  A centaur (D:6)
  2 bullfrogs (D:6)
  3 scorpions
  8 wights (D:6)
  6 killer bees (D:7)
  A howler monkey (D:7)
  6 hounds
  A gnoll bouda (D:8)
  An orc priest (D:7)
  2 jellies
  4 iguanas
  2 orc wizards
  Jessica (D:3)
  Natasha (twice) (D:2)
  A sleepcap (D:4)
  Robin (D:4)
  12 gnolls
  7 adders
  A shadow imp (D:7)
  2 white imps
  2 worms
  3 dart slugs
  14 orcs
  2 bats
  7 endoplasms
  2 giant cockroaches
  16 goblins
  10 hobgoblins
  2 jackals (D:2)
  5 kobolds
  3 quokkas
  9 ball pythons
  3 frilled lizards (D:1)
  8 rats
158 creatures vanquished.

Notes
Turn   | Place    | Note
-------+----------+-------------------------------------------
     0 | D:1      | Dirtsage the Demonspawn Berserker began the quest for the
                  | Orb.
     0 | D:1      | Reached XP level 1. HP: 18/18 MP: 1/1
   122 | D:1      | Reached skill level 3 in Axes
   160 | D:1      | Gained mutation: You may rarely emit foul miasma when
                  | damaged in melee. [demonic ancestry]
   160 | D:1      | Reached XP level 2. HP: 20/24 MP: 2/2
   314 | D:1      | Found Awutar Itty's Antique Armour Boutique.
   994 | D:2      | Reached XP level 3. HP: 22/29 MP: 3/3
  1060 | D:2      | Noticed Natasha
  1069 | D:2      | Killed Natasha
  1070 | D:2      | Reached skill level 4 in Axes
  1276 | D:2      | Reached XP level 4. HP: 33/35 MP: 4/4
  1341 | D:2      | Reached ** piety under Trog
  1686 | D:2      | Noticed Natasha
  1696 | D:2      | Killed Natasha
  1697 | D:2      | Reached skill level 5 in Axes
  1741 | D:3      | Found a hide-covered altar of Uskayaw.
  1741 | D:3      | Noticed Jessica
  1746 | D:3      | Killed Jessica
  1747 | D:3      | Gained mutation: A meltable shield of frost defends you.
                  | (SH +4) [demonic ancestry]
  1747 | D:3      | Reached XP level 5. HP: 36/41 MP: 5/5
  3234 | D:4      | Noticed Robin
  3250 | D:4      | Killed Robin
  3251 | D:4      | Reached skill level 6 in Axes
  3350 | D:4      | Noticed Edmund
  3362 | D:4      | Killed Edmund
  3363 | D:4      | Reached XP level 6. HP: 47/47 MP: 6/6
  3468 | D:4      | Reached *** piety under Trog
  3849 | D:4      | Reached skill level 7 in Axes
  4094 | D:1      | Bought a glowing helmet for 150 gold pieces
  4169 | D:5      | Entered Level 5 of the Dungeon
  4224 | D:5      | Found a staircase to the Ecumenical Temple.
  4233 | Temple   | Entered the Ecumenical Temple
  4261 | D:5      | Gained mutation: You have sharp fingernails. [demonic
                  | ancestry]
  4261 | D:5      | Reached XP level 7. HP: 52/52 MP: 7/7
  4386 | D:5      | Found a snail-covered altar of Cheibriados.
  4488 | D:5      | Reached skill level 8 in Axes
  5130 | D:5      | Reached skill level 9 in Axes
  5130 | D:5      | Reached XP level 8. HP: 55/58 MP: 8/8
  5472 | D:6      | Reached skill level 10 in Axes
  5695 | D:6      | Found an ornate altar of the Wu Jian Council.
  5794 | D:6      | Found an opulent altar of Gozag.
  6028 | D:6      | Reached skill level 11 in Axes
  6233 | D:6      | Gained mutation: You have a beak for a mouth. [potion of
                  | mutation]
  6233 | D:6      | Gained mutation: You expend magic power (3 MP) to
                  | strengthen your wands. [potion of mutation]
  6328 | D:7      | Reached XP level 9. HP: 63/63 MP: 9/9
  6664 | D:7      | Reached **** piety under Trog
  6711 | D:7      | Reached skill level 12 in Axes
  6808 | D:7      | Found a burning altar of Makhleb.
  6808 | D:7      | Found a sacrificial altar of Ru.
  7075 | D:8      | Noticed Erica
  7082 | D:8      | Mangled by Erica

Illustrated notes

Levels and vault maps discovered:
D:1:      spicycebolla_arrival_ecumenical, layout_basic, serial_shops,
          nicolae_shop_competitors_out_of_business
D:2:      layout_rooms, guppyfry_early_orc_mine, uniq_natasha
D:3:      layout_loops_ring, nicolae_uskayaw_murder_on_the_dancefloor,
          serial_co_window_serial, co_window_paths_b, co_window_corner_a,
          co_window_paths_a, co_window_paths_b, co_window_of_opportunity_a,
          co_window_broadway_b, co_window_of_opportunity_c, co_window_cross_2,
          co_window_broadway_a, co_window_broadway_c, co_window_corner_b,
          co_window_4corner_a, co_window_4corner_b, uniq_jessica
D:4:      layout_basic, uniq_robin, uniq_edmund
D:5:      layout_basic, chei_slow_surprise,
          minmay_temple_entry_statues_fountains
D:6:      layout_loops_ring, nicolae_wu_jian_glorious_leap,
          kennysheep_little_box
D:7:      layout_gridville, gammafunk_temple_overflow_wave
D:8:      layout_layer_cave, kennysheep_mini, erik_lair_orcish_takeover,
          uniq_erica, uniq_amaemon
Temple:   chequers_temple_sunken

Skill      XL: |  1  2  3  4  5  6  7  8  9 |
---------------+----------------------------+-----
Axes           | 3 4 5 6 7 9 11 12 | 12.2
Fighting       | |  3.0
Armour         | |  1.7
Dodging        | |  1.7

Action                     |  1- 3 |  4- 6 |  7- 9 || total
---------------------------+-------+-------+-------++-------
  Melee: Hand axe          |    76 |   198 |   198 ||   472
         Punch             |     1 |     3 |     5 ||     9
         Battleaxe         |       |       |    63 ||    63
         Peck              |       |       |     7 ||     7
 Invoke: Berserk           |     3 |     4 |     9 ||    16
    Use: Scroll            |       |       |    11 ||    11
         Potion            |       |       |     2 ||     2
 Armour: Animal skin       |    50 |     5 |       ||    55
         Robe              |       |    64 |    67 ||   131
         Chain mail        |       |       |   114 ||   114
         Skin              |       |       |     3 ||     3
  Dodge: Dodged            |    48 |   100 |   101 ||   249
         Repelled          |       |       |     1 ||     1
  Block: Other             |       |    23 |    55 ||    78

Table legend: (Time is in decaauts)
 A = Elapsed time spent in this place.
 B = Non-inter-level travel time spent in this place.
 C = Inter-level travel time spent in this place.
 D = Time resting spent in this place.
 E = Time spent auto-exploring this place.
 F = Levels seen in this place.
 G = Mean time per level.
                   A        B        C        D        E       F      G
               +--------+--------+--------+--------+--------+-----+--------+
         Total |   7221 |   6683 |    538 |    730 |   4833 |   9 |  802.3 |
       Dungeon |   7220 |   6682 |    538 |    730 |   4833 |   8 |  902.5 |
        Temple |      1 |      1 |      0 |      0 |      0 |   1 |    1.0 |
               +--------+--------+--------+--------+--------+-----+--------+

Top non-repeatable levels by time:
     D:3: 1525 daAuts
     D:5: 1197 daAuts
     D:1: 1080 daAuts
     D:6: 936 daAuts
     D:2: 834 daAuts
     D:4: 812 daAuts
     D:7: 700 daAuts
     D:8: 132 daAuts
  Temple: 1 daAuts
